 Dungeon Crawl Stone Soup version 0.19.3 (webtiles) character file.

645 Alarkh the Grappler (level 7, 0/57 HPs)
             Began as a Ghoul Monk on Jan 23, 2017.
             Slain by a water moccasin (9 damage)
             ... on level 6 of the Dungeon.
             The game lasted 00:05:13 (3026 turns).

Alarkh the Grappler (Ghoul Monk)                    Turns: 3026, Time: 00:05:14

Health: 0/57       AC:  4    Str: 15    XL:     7   Next: 52%
Magic:  6/6        EV: 12    Int:  7    God:
Gold:   151        SH:  0    Dex: 11    Spells: 0 memorised, 6 levels left

rFire  . . .     SeeInvis .       - Unarmed
rCold  + . .     Gourm    .     a - +0 robe
rNeg   + + +     Faith    .     (no shield)
rPois  ∞         Spirit   .     (no helmet)
rElec  .         Reflect  .     k - +0 cloak (curse)
rCorr  .         Harm     .     (no gloves)
MR     .....                    j - +0 pair of boots
Stlth  +.........               (no amulet)
                                i - ring of loudness (curse)
                                f - +4 ring of slaying

@: rotting
A: rotting body, claws 1, carnivore 3, cold resistance 1, negative energy
resistance 3, slow regeneration 1, torment resistance, unbreathing
a: no special abilities


You were on level 6 of the Dungeon.
You were not hungry.

You visited 1 branch of the dungeon, and saw 6 of its levels.

You collected 151 gold pieces.

Inventory:

Missiles
 p - a throwing net (quivered)
Armour
 a - a +0 robe (worn)
 j - a +0 pair of boots (worn)
 k - a cursed +0 cloak (worn)
Jewellery
 f - a +4 ring of slaying (left claw)
 i - a cursed ring of loudness (right claw)
 v - an uncursed ring of positive energy {unknown}
Wands
 q - a wand of lightning (8/15)
 x - a wand of iceblast (4/15)
 y - a wand of acid (5/15)
Scrolls
 c - a scroll of immolation
 e - a scroll of identify
 h - 3 scrolls of enchant armour {unknown}
 l - 2 scrolls of fog
 n - 2 scrolls of fear {unknown}
 o - 2 scrolls of magic mapping {unknown}
 r - a scroll of blinking
 s - a scroll of teleportation
 w - a scroll of recharging {unknown}
Potions
 d - 5 potions of curing
 m - 3 potions of brilliance
 t - a potion of flight
 u - a potion of cure mutation
Comestibles
 b - 4 meat rations
 g - a beef jerky


   Skills:
 - Level 3.2 Fighting
 - Level 2.6 Dodging
 - Level 2.1 Stealth
 + Level 9.3 Unarmed Combat


You had 6 spell levels left.
You didn't know any spells.

Dungeon Overview and Level Annotations

Branches:
Dungeon (6/15)
 Temple: D:4-7

Altars:
Elyvilon
Yredelemnul
Zin

Annotations:
D:5 1 runed door, Eustachio


Innate Abilities, Weirdness & Mutations

Your body is rotting away.
You thrive on raw meat.
You are immune to poison.
You have sharp fingernails.
You are carnivorous and can eat meat at any time.
Your flesh is cold resistant. (rC+)
You are immune to negative energy. (rN+++)
You regenerate slowly when monsters are visible.
You are immune to unholy pain and torment.
You can survive without breathing.


Message History

You barely miss the worker ant.
The worker ant is severely wounded.
The worker ant bites you.
* * * LOW HITPOINT WARNING * * *
You claw the worker ant!
You kill the worker ant!
You closely miss the water moccasin. The water moccasin closely misses you.
You scratch the water moccasin.
The water moccasin is lightly wounded.
The water moccasin bites you.
* * * LOW HITPOINT WARNING * * *
The water moccasin bites you.
* * * LOW HITPOINT WARNING * * *
You claw the water moccasin!
The water moccasin is severely wounded.
The water moccasin bites you but does no damage.
You completely miss the water moccasin.
The water moccasin is severely wounded.
The water moccasin bites you!
You die...

..
..#########
.....#...#
#....?#.#
#.....#@#
#.....#S##
#.:..<...#
#.....#..###
#.........$#
###........#
#........#
#...[....#
#........#


You could see a water moccasin.

Vanquished Creatures
  A sky beast (D:4)
  The ghost of dscm the Sneak, an amateur OpEE (D:4)
  Blork the orc (D:4)
  An orc priest (D:3)
  A centaur skeleton (D:4)
  Terence (D:2)
  An iguana (D:4)
  3 worker ants
  A hound zombie (D:4)
  A hound skeleton (D:4)
  3 gnolls (D:4)
  7 adders
  An adder skeleton (D:5)
  2 oozes
  A worm (D:3)
  3 dart slugs
  4 leopard geckos
  9 orcs
  4 ball pythons
  6 bats
  4 giant cockroaches
  5 goblins
  3 hobgoblins
  6 jackals
  A quokka (D:4)
  11 frilled lizards
  9 kobolds
  9 rats
100 creatures vanquished.

Notes
Turn   | Place    | Note
-------+----------+-------------------------------------------
     0 | D:1      | Alarkh the Ghoul Monk began the quest for the Orb.
     0 | D:1      | Reached XP level 1. HP: 19/19 MP: 0/0
    14 | D:1      | Reached XP level 2. HP: 22/26 MP: 1/1
    30 | D:1      | Reached skill level 4 in Unarmed Combat
   443 | D:1      | Reached XP level 3. HP: 31/31 MP: 2/2
   767 | D:2      | Reached skill level 5 in Unarmed Combat
   810 | D:2      | Found a basalt altar of Yredelemnul.
   888 | D:2      | Found a faded altar of an unknown god.
  1028 | D:2      | Reached XP level 4. HP: 38/38 MP: 3/3
  1183 | D:2      | Noticed Terence
  1190 | D:2      | Killed Terence
  1657 | D:3      | Reached skill level 6 in Unarmed Combat
  1657 | D:3      | Reached XP level 5. HP: 36/45 MP: 4/4
  2057 | D:4      | Reached skill level 7 in Unarmed Combat
  2109 | D:4      | Noticed Blork the orc
  2116 | D:4      | Killed Blork the orc
  2116 | D:4      | Reached XP level 6. HP: 49/51 MP: 5/5
  2279 | D:4      | Found a basalt altar of Yredelemnul.
  2338 | D:4      | Noticed a sky beast
  2348 | D:4      | Reached skill level 8 in Unarmed Combat
  2355 | D:4      | Killed a sky beast
  2355 | D:4      | Reached XP level 7. HP: 24/57 MP: 6/6
  2574 | D:4      | Noticed dscm's ghost (amateur OpEE)
  2578 | D:4      | Killed dscm's ghost
  2734 | D:5      | Entered Level 5 of the Dungeon
  2741 | D:5      | Found a glowing silver altar of Zin.
  2741 | D:5      | Noticed an angel
  2742 | D:5      | Found a runed door.
  2808 | D:4      | Found a white marble altar of Elyvilon.
  2819 | D:5      | Reached skill level 9 in Unarmed Combat
  2951 | D:5      | Noticed Eustachio
  3026 | D:6      | Slain by a water moccasin

Skill      XL: |  1  2  3  4  5  6  7 |
---------------+----------------------+-----
Unarmed Combat | 4 5 6 7 8 9 |  9.3
Fighting       | |  3.2
Dodging        | |  2.6
Stealth        | |  2.1

Action                   |  1- 3 |  4- 6 |  7- 9 || total
-------------------------+-------+-------+-------++-------
Melee: Unarmed           |    70 |   131 |    37 ||   238
       Punch             |     1 |     2 |     1 ||     4
  Use: Scroll            |     3 |     3 |     2 ||     8
       Potion            |       |     2 |       ||     2
 Stab: Sleeping          |     4 |       |       ||     4
  Eat: Chunk             |     8 |    12 |     7 ||    27
Armor: Robe              |    25 |    34 |     5 ||    64
Dodge: Dodged            |    35 |    95 |    21 ||   151
